Map: Simulacrum LE

Players

NORTHAMERICA

  • Race: Protoss Protoss
  • League: Grandmaster
  • Spawn Location: 5:00

lllllllllIll - Winner!

  • Race: Terran Terran
  • League: Grandmaster
  • Spawn Location: 11:00

VOD

Have the link to the VOD?

Description

Time

  • Played on: May 24, 2020, 3:32 a.m.
  • Length: 12:47
Show
View Real Time Build Order
Export as new Build Order

NORTHAMERICA Protoss 

Build Orders: 1 Gate Expand, Blink Stalkers 

Get SALT Encoding   

  12  0:01  Probe  
  13  0:13  Probe  
  14  0:19  Pylon  
  14  0:25  Probe  
  15  0:37  Probe (Chrono Boost)  
  15  0:38  Gateway  
  16  0:48  Probe (Chrono Boost), Assimilator  
  17  0:53  Probe (Chrono Boost)  
  18  1:03  Probe  
  19  1:16  Probe  
  20  1:26  Cybernetics Core  
  20  1:28  Probe  
  21  1:37  Nexus  
  21  1:41  Probe  
  21  1:47  Assimilator  
  22  1:53  Probe  
  23  1:54  Pylon  
  23  2:10  Warp Gate  
  23  2:11  Adept (Chrono Boost)  
  23  2:12  Probe (Chrono Boost)  
  26  2:21  Probe (Chrono Boost)  
  27  2:23  Twilight Council  
  27  2:26  Probe  
  28  2:39  Probe  
  28  2:41  Stalker  
  30  2:49  Probe (Chrono Boost)  
  32  2:55  Probe (Chrono Boost)  
  32  2:58  Blink (Chrono Boost)  
  32  3:01  Probe (Chrono Boost)  
  34  3:05  Probe (Chrono Boost)  
  34  3:06  Probe (Chrono Boost)  
  35  3:15  Probe  
  35  3:16  Probe  
  35  3:17  Gateway  
  37  3:24  Gateway  
  37  3:27  Probe  
  37  3:28  Probe  
  39  3:35  Pylon  
  39  3:39  Probe  
  39  3:40  Probe  
  41  3:44  Robotics Facility  
  41  3:51  Probe  
  41  3:52  Probe  
  41  3:55  Shield Battery  
  41  3:58  Stalker  
  40  4:03  Probe (Chrono Boost)  
  41  4:13  Probe (Chrono Boost)  
  41  4:15  Probe (Chrono Boost)  
  42  4:19  Stalker x2  
  42  4:20  Probe (Chrono Boost)  
  42  4:21  Probe (Chrono Boost), Stalker  
  50  4:27  Assimilator  
  50  4:28  Pylon  
  50  4:30  Probe  
  51  4:32  Probe, Pylon  
  53  4:42  Probe  
  52  4:47  Pylon  
  52  4:48  Stalker x3  
  57  4:55  Immortal (Chrono Boost)  
  61  5:02  Probe  
  62  5:09  Probe (Chrono Boost)  
  61  5:15  Probe (Chrono Boost), Nexus  
  61  5:17  Sentry  
  65  5:21  Probe (Chrono Boost)  
  65  5:27  Probe (Chrono Boost), Observer  
  67  5:28  Assimilator  
  67  5:29  Probe (Chrono Boost)  
  67  5:32  Probe (Chrono Boost)  
  67  5:34  Robotics Bay  
  69  5:38  Probe  
  69  5:41  Forge  
  69  5:42  Probe  
  71  5:45  Forge  
  71  5:47  Sentry  
  73  5:50  Probe  
  73  5:53  Gateway  
  73  5:54  Probe  
  75  5:59  Gateway  
  75  6:02  Probe  
  75  6:03  Pylon  
  76  6:06  Probe  
  77  6:14  Probe  
  78  6:19  Colossus (Chrono Boost)  
  78  6:20  Extended Thermal Lance (Chrono Boost)  
  78  6:21  Probe  
  78  6:24  Pylon  
  85  6:29  Zealot x2  
  89  6:34  Protoss Ground Armor Level 1, Protoss Ground Weapons Level 1  
  89  6:37  Probe x2  
  91  6:44  Stalker  
  93  6:48  Pylon  
  93  6:56  Zealot x4  
  99  7:02  Colossus (Chrono Boost)  
  105  7:09  Charge (Chrono Boost)  
  105  7:12  Pylon  
  105  7:36  Nexus  
  105  7:39  Pylon  
  105  7:40  Pylon  
  105  7:43  Cybernetics Core  
  105  7:51  Probe  
  88  8:00  Zealot x3  
  88  8:01  Zealot, Colossus (Chrono Boost)  
  88  8:04  Probe  
  103  8:13  Dark Shrine  
  103  8:22  Stalker x3  
  109  8:28  Gateway  
  109  8:32  Gateway  
  101  8:50  Zealot x2  
  101  8:51  Zealot x2  
  101  8:52  Disruptor (Chrono Boost)  
  94  9:06  Protoss Ground Armor Level 2 (Chrono Boost)  
  88  9:12  Probe  
  88  9:15  Assimilator  
  88  9:16  Sentry, Protoss Ground Weapons Level 2 (Chrono Boost)  
  91  9:18  Probe  
  91  9:19  Gateway, Assimilator  
  91  9:23  Stalker x3  
  98  9:24  Disruptor (Chrono Boost)  
  101  9:32  Pylon  
  101  9:39  Dark Templar  
  101  9:40  Dark Templar  
  105  9:50  Dark Templar  
  105  9:51  Shield Battery  
  105  9:52  Adept x2  
  111  9:54  Photon Cannon  
  111  9:56  Pylon  
  104  10:18  Zealot x2, Dark Templar x2  
  104  10:19  Zealot  
  96  10:26  Zealot  
  92  10:31  Probe  
  88  10:35  Probe  
  88  10:43  Probe  
  88  10:46  Stalker x3  
  88  10:47  Stalker  
  95  10:50  Archon  
  91  11:04  Zealot  
  91  11:05  Zealot  
  91  11:06  Probe  
  91  11:10  Zealot x3  
  91  11:11  Zealot  
  88  11:22  Robotics Facility  
  88  11:23  Probe  
  88  11:24  Probe, Gateway x2  
  80  11:26  Stalker x2  
  80  11:32  Zealot x2  
  84  11:33  Zealot x2  
  82  11:51  Templar Archives, Zealot x2  
  86  11:54  Shield Battery  
  86  11:55  Dark Templar x2  
  86  11:58  Sentry  
  86  12:00  Archon  
  88  12:12  Dark Templar  
  88  12:13  Zealot, Dark Templar  
  86  12:25  Stalker x2  
  86  12:28  Dark Templar  
  61  12:45  Zealot x3  
Show
View Real Time Build Order
Export as new Build Order

lllllllllIll Terran - Winner!

Build Orders: Reaper Expand 

Get SALT Encoding   

  12  0:00  SCV  
  13  0:13  SCV  
  14  0:17  Supply Depot  
  14  0:25  SCV  
  15  0:38  SCV  
  15  0:40  Barracks  
  16  0:44  Refinery  
  16  0:50  SCV  
  17  1:02  SCV  
  18  1:15  SCV  
  19  1:29  Reaper, Orbital Command  
  20  1:41  Command Center  
  20  1:50  Barracks  
  20  1:54  SCV  
  21  2:02  Supply Depot  
  21  2:04  Barracks Tech Lab  
  21  2:07  SCV  
  22  2:19  SCV  
  23  2:23  Concussive Shells, Marauder  
  23  2:29  Barracks  
  25  2:31  SCV  
  26  2:42  Barracks Reactor  
  26  2:44  SCV  
  27  2:46  Marauder  
  29  2:53  Orbital Command  
  29  2:56  SCV  
  30  3:00  Refinery  
  30  3:07  Stimpack, Marine  
  30  3:08  SCV  
  32  3:18  Marine x2, Barracks Tech Lab  
  34  3:20  SCV x2  
  34  3:24  Supply Depot  
  34  3:25  Marine  
  37  3:32  SCV x2  
  39  3:35  Marine  
  39  3:36  Marine x2  
  39  3:38  Combat Shield  
  42  3:45  SCV, Supply Depot  
  42  3:47  SCV  
  44  3:52  Marine  
  44  3:53  Marine  
  45  3:56  Marine  
  45  3:57  SCV  
  45  3:59  Marine  
  45  4:00  SCV  
  49  4:09  SCV, Factory  
  48  4:10  Marine  
  48  4:11  Marine  
  48  4:12  SCV  
  48  4:16  Engineering Bay  
  48  4:17  Marine x2  
  49  4:22  SCV  
  52  4:24  SCV  
  52  4:25  Supply Depot  
  52  4:27  Refinery, Marine  
  52  4:30  Marine  
  55  4:34  SCV, Marine x2  
  55  4:37  SCV  
  59  4:42  Missile Turret  
  59  4:46  SCV  
  59  4:48  Terran Infantry Weapons Level 1  
  60  4:54  Starport  
  60  4:55  Factory Reactor  
  60  4:56  Marine x3  
  63  5:01  SCV, Supply Depot  
  57  5:09  SCV  
  57  5:12  Marauder  
  56  5:14  Marine x2  
  56  5:15  Marauder  
  56  5:19  Supply Depot  
  56  5:21  SCV x2  
  61  5:25  Supply Depot  
  62  5:32  Marine x2  
  62  5:33  Marauder  
  66  5:36  Marauder  
  66  5:37  Medivac x2  
  66  5:40  Widow Mine  
  66  5:42  Supply Depot  
  74  5:49  Marine x2  
  74  5:53  Refinery  
  74  5:55  Marauder  
  78  5:57  Marauder  
  80  6:06  Command Center  
  80  6:07  Marine x2  
  80  6:09  Medivac x2  
  86  6:11  Factory Reactor  
  86  6:16  Marauder  
  86  6:18  SCV x2  
  90  6:24  Marauder  
  90  6:25  Marine x2  
  92  6:30  Supply Depot  
  94  6:33  SCV  
  94  6:35  SCV, Barracks x2  
  94  6:37  Marauder  
  98  6:42  Terran Infantry Armor Level 1  
  98  6:48  Marauder, Marine x2  
  98  6:52  Widow Mine x2  
  98  6:53  Medivac  
  106  6:57  SCV  
  106  6:59  Marauder  
  106  7:01  SCV  
  109  7:06  Marine  
  110  7:14  Marine  
  110  7:18  SCV x2, Marauder, Orbital Command  
  110  7:19  Supply Depot  
  110  7:20  Marauder  
  116  7:26  Marine  
  116  7:28  Barracks Reactor, Barracks Tech Lab  
  117  7:30  SCV  
  117  7:31  Supply Depot  
  117  7:34  Marine  
  119  7:39  SCV  
  119  7:40  Marauder  
  119  7:41  Starport  
  119  7:42  SCV, Marauder  
  116  7:47  SCV  
  108  7:51  Marine  
  108  7:52  Marauder, Marine  
  108  8:02  Marauder  
  108  8:03  Marauder  
  112  8:08  Viking x2, Supply Depot  
  112  8:09  Marine  
  112  8:10  SCV x2, Marine  
  112  8:11  Marine x2  
  120  8:13  Marauder  
  120  8:17  Viking x2  
  126  8:27  Marine  
  126  8:28  Marauder x2, Marine  
  126  8:29  Marine  
  133  8:34  SCV x2  
  133  8:38  Viking  
  137  8:45  Marauder  
  137  8:46  Marine x3  
  137  8:47  Marine  
  134  8:49  Marauder  
  134  8:52  SCV  
  112  9:03  Marine x2  
  112  9:04  Marine  
  112  9:05  SCV, Marine  
  112  9:07  Medivac x2  
  112  9:08  Medivac  
  112  9:09  Medivac  
  115  9:14  Refinery  
  115  9:15  Refinery, Ghost Academy  
  115  9:18  Marauder x3  
  115  9:21  Marine x3  
  115  9:23  Marine  
  117  9:39  Marauder  
  117  9:40  Viking x4  
  127  9:47  Enhanced Shockwaves  
  127  9:48  Ghost, Marine x2  
  127  9:49  Marine x2  
  127  9:51  Ghost  
  135  9:57  Supply Depot x2  
  135  10:04  Ghost  
  135  10:06  Marine x3  
  137  10:17  Marauder  
  137  10:18  Marine  
  137  10:20  Marine  
  123  10:22  SCV x2  
  123  10:25  SCV, Missile Turret  
  94  10:36  SCV  
  94  10:40  SCV x2  
  93  10:44  Marauder  
  93  10:45  Marine x4  
  93  10:46  Viking x3  
  93  10:47  Viking  
  93  10:48  SCV  
  108  10:52  SCV x2  
  108  10:57  Marauder x2  
  114  11:00  SCV  
  114  11:03  Marine  
  114  11:04  SCV x2  
  114  11:12  SCV  
  114  11:13  Marauder, Marine x2  
  114  11:16  Viking x2  
  110  11:22  Marauder, Marine x3  
  110  11:24  SCV x2  
  105  11:31  Marine x2  
  99  11:34  SCV, Marauder  
  96  11:40  Marauder  
  96  11:42  SCV  
  96  11:46  SCV x2  
  92  11:50  Marauder, Marine x4  
  96  11:54  SCV  
  96  11:56  Marauder  
  96  11:58  SCV  
  104  12:03  Liberator x3  
  104  12:04  Liberator  
  112  12:10  Marauder, Marine x2  
  112  12:11  Marine  
  112  12:13  Marine  
  112  12:14  Marine  
  119  12:24  Marauder  
  119  12:28  Marine x2  
Tags
 
Add a new tag
Caveats
  • Supply blocks, unpowered buildings, or Contaminate may cause inaccurate times.
  • Supply counts are checked every 10 seconds.